 Dungeon Crawl Stone Soup version 0.29.1-2-gbd0b4ee654 (webtiles) character file.

Game seed: 7426539122943455484

53 jamestheduck25 the Conjurer (level 3, -7/26 HPs)
             Began as a Draconian Conjurer on Nov 14, 2022.
             Was an Initiate of Sif Muna.
             Mangled by Crazy Yiuf
             ... wielding a +4 quarterstaff of chaos
              (17 damage)
             ... on level 2 of the Dungeon.
             The game lasted 00:05:47 (2274 turns).

jamestheduck25 the Conjurer (Draconian Conjurer)    Turns: 2274, Time: 00:05:48

Health: -7/26      AC:  5    Str:  9    XL:     3   Next: 62%
Magic:  6/6        EV: 12    Int: 20    God:    Sif Muna [......]
Gold:   149        SH:  0    Dex:  9    Spells: 5/6 levels left

rFire   . . .      SeeInvis .   i - +2 war axe (freeze)
rCold   . . .      Faith    .   (no shield)
rNeg    . . .      Spirit   .   (body armour unavailable)
rPois   .          Reflect  .   (helmet restricted)
rElec   .          Harm     .   (no cloak)
rCorr   .          Rampage  .   (no gloves)
Will    .....                   (no boots)
Stlth   ++........              (no amulet)
HPRegen 0.08/turn               (no ring)
MPRegen 0.10/turn               (no ring)

@: lethally poisoned (-7 -> -12)
A: AC +5, unfitting armour, cold-blooded
a: Renounce Religion


You were on level 2 of the Dungeon.
You worshipped Sif Muna.
Sif Muna was noncommittal.
You visited 1 branch of the dungeon, and saw 2 of its levels.

You collected 149 gold pieces.

Inventory:

Hand Weapons
 f - a +0 short sword
 h - a +0 dagger of venom
 i - a +2 war axe of freezing (weapon)
Jewellery
 d - a +4 ring of slaying
Scrolls
 b - a scroll of butterflies {unknown}
 c - a scroll of magic mapping {unknown}
 k - a scroll of enchant weapon {unknown}
 l - a scroll of identify {unknown}
 m - a scroll of vulnerability {unknown}
 n - a scroll of teleportation {unknown}
Potions
 a - a potion of magic
 e - 3 potions of curing {unknown}
 g - 2 potions of might {unknown}
 j - a potion of brilliance {unknown}


   Skills:
 + Level 1.9 Dodging
 + Level 1.9 Stealth
 + Level 2.4 Spellcasting
 + Level 5.0 Conjurations


You had 5 spell levels left.
You knew the following spells:

 Your Spells              Type           Power      Damage    Failure   Level
a - Magic Dart            Conj           88%        1d7       1%          1

Your spell library contained the following spells:

 Spells                   Type           Power      Damage    Failure   Level
 Searing Ray              Conj           44%        2d6       3%          2
 Dazzling Flash           Conj/Hex       24%        N/A       16%         3
 Fulminant Prism          Conj/Hex       6%         3d7       47%         4
 Iskenderun's Mystic Bla  Conj/Tloc      12%        2d5       47%         4


Dungeon Overview and Level Annotations

Branches:
Dungeon (2/15)

Altars:
Sif Muna

Shops:
D:1 (

Annotations:
D:2 Crazy Yiuf


Innate Abilities, Weirdness & Mutations

Your plain brown scales are hard. (AC +5)
You cannot fit into any form of body armour.
You are cold-blooded and may be slowed by cold attacks.


Message History

You see here a +0 spear.
There is an open door here.
A worm comes into view.
The magic dart hits the worm!
The worm is heavily wounded.
The magic dart hits the worm.
The worm is severely wounded.
The magic dart hits the worm.
You kill the worm!
Sif Muna accepts your kill.
Your Conjurations skill increases to level 5!
There is an open door here.
You see here a +0 leather armour.
A bat is nearby!
The magic dart hits the bat.
The bat is severely wounded.
The magic dart hits the bat.
You kill the bat!
Sif Muna accepts your kill.
There is an open door here.
There is an open door here.
Found a hammer.
Found a runed translucent door.
Crazy Yiuf shouts!
You can't see any susceptible monsters within range! (Use Z to cast anyway.)
You open the door. You hit Crazy Yiuf but do no damage.
Crazy Yiuf hits you with a +4 quarterstaff of chaos.
You are poisoned.
You barely miss Crazy Yiuf.
Your tail-slap misses Crazy Yiuf.
You feel very sick. Crazy Yiuf barely misses you. Crazy Yiuf misses you.
You barely miss Crazy Yiuf.
You feel very sick. Crazy Yiuf barely misses you.
You slash Crazy Yiuf! You freeze Crazy Yiuf.
Crazy Yiuf is almost dead.
You feel very sick.
Crazy Yiuf hits you with a +4 quarterstaff of chaos!
Ouch! That really hurt!
You die...

#.#.###
#....# #.#
#.#...#
#....#
###.###
#.#####
#....#
#...... #.#
##...#
#.#.###
##.## ##.##
#.#.# #
#...# ##.#
#.#.###
#...# #.##
#.#..##
#...# ##.#
##.##.##
#..## #@##
##..##.##
#####...####
#g#
####........
...........#
...
#.........##
#####...####
#...#
####....###
#..## #)..#
##.#.# ##.##
##### ###.#
#<..# #.#
#...# ###
#.# #...#
#.# #.#


You could see Crazy Yiuf.

Vanquished Creatures
  A worm (D:2)
  4 orcs (D:2)
  6 endoplasms
  2 giant cockroaches (D:2)
  5 goblins
  3 hobgoblins (D:2)
  A quokka (D:2)
  3 ball pythons
  7 bats
  2 frilled lizards
  7 kobolds
  2 rats
43 creatures vanquished.

Notes
Turn   | Place    | Note
-------+----------+-------------------------------------------
     0 | D:1      | jamestheduck25 the Draconian Conjurer began the quest for
                  | the Orb.
     0 | D:1      | Reached XP level 1. HP: 14/14 MP: 3/3
   314 | D:1      | Reached XP level 2. HP: 20/20 MP: 0/5
   396 | D:1      | Found Xuliowko's Antique Weapon Shop.
   511 | D:1      | Found a faded altar of an unknown god.
  1301 | D:2      | Reached XP level 3. HP: 26/26 MP: 0/6
  1581 | D:2      | Found a shimmering blue altar of Sif Muna.
  1591 | D:2      | Became a worshipper of Sif Muna the Loreminder
  1960 | D:2      | Reached skill level 5 in Conjurations
  2266 | D:2      | Found a runed translucent door.
  2267 | D:2      | Noticed Crazy Yiuf
  2274 | D:2      | Mangled by Crazy Yiuf

Illustrated notes

Levels and vault maps discovered:
D:1:      saegor_arrival_simple_e, layout_rooms,
          chequers_ecumenical_altar_twisty, serial_shops,
          nicolae_shop_competitors_out_of_business
D:2:      layout_loops_corners, basic_altar, uniq_crazy_yiuf_cottage

Skill      XL: |  1  2  3 |
---------------+----------+-----
Conjurations   | 5 |  5.0
Dodging        | |  1.9
Stealth        | |  1.9
Spellcasting   | |  2.4

Action                   || total
-------------------------++-------
Melee: Unarmed           ||     9
       Tailslap          ||     3
       Dagger            ||     6
       War axe           ||     5
 Cast: Magic Dart        ||    85
Armor: Skin              ||     4
Dodge: Dodged            ||    15
